 Dungeon Crawl Stone Soup version bcrawl-1.27.7 (webtiles) character file.

Game seed: 10872581226457684390

248428 BeastOfSaturn the Bolt Thrower (level 8, -5/61 HPs)
             Began as a Demonspawn Warper on Oct 11, 2020.
             Killed from afar by an orc wizard (7 damage)
             ... with a magic dart
             ... on level 5 of the Dungeon on Oct 21, 2020.
             The game lasted 00:26:49 (5188 turns).

BeastOfSaturn the Bolt Thrower (Demonspawn Warper)  Turns: 5188, Time: 00:26:49

Health: -5/61      AC:  3    Str: 13    XL:     8   Next: 49%
Magic:  4/12       EV: 13    Int: 15    God:
Gold:   424        SH:  0    Dex: 13    Spells: 7/13 levels left

rFire    . . .     SeeInvis .   E - +1 spear "Bigoodd" {flame, rPois} (curse)
rCold    . . .     Gourm    .   (no shield)
rNeg     . . .     Faith    .   c - +0 robe
rPois    +         Spirit   .   (helmet restricted)
rElec    .         Reflect  .   (no cloak)
rCorr    .         Harm     .   k - +0 pair of gloves
MR       .....                  (no boots)
Stlth    +.........             (no amulet)
HPRegen  0.20/turn              (no ring)
MPRegen  0.13/turn              (no ring)

@: very slightly contaminated
A: antennae 1, powered by death 1
a: no special abilities


You were on level 5 of the Dungeon.
You were not hungry.

You visited 1 branch of the dungeon, and saw 6 of its levels.

You collected 424 gold pieces.

Inventory:

Hand Weapons
 a - a +0 hand crossbow
 b - a +3 whip of electrocution
 q - a +0 dagger
 E - the cursed +1 spear "Bigoodd" (weapon) {flame, rPois}
   (You found it on level 5 of the Dungeon)

   It has been specially enchanted to surge with flame as it hits, increasing
   damage dealt by approximately one third against foes not resistant or
   susceptible to fire.
   It protects you from poison.
   It has a curse placed upon it.
Missiles
 f - 253 bolts
Armour
 c - a +0 robe (worn)
 k - a +0 pair of gloves (worn)
 B - a +0 leather armour
Jewellery
 G - a +5 ring of intelligence {unknown}
Wands
 p - a wand of polymorph (12)
 y - a wand of flame (19)
 C - a wand of disintegration (7)
 F - a wand of digging (8)
Scrolls
 d - a scroll of enchant armour {unknown}
 g - 4 scrolls of blinking
 h - 3 scrolls of teleportation
 j - 2 scrolls of enchant weapon
 m - 7 scrolls of identify
 o - a scroll of fog {unknown}
 D - 2 scrolls of magic mapping
Potions
 i - 2 potions of curing
 l - 2 potions of brilliance
 n - a potion of might
 r - a potion of cancellation
 s - a potion of haste {unknown}
 t - 2 potions of heal wounds {unknown}
 u - a potion of magic {unknown}
 v - 2 potions of degeneration {unknown}
 w - 2 potions of mutation {unknown}
 x - a potion of resistance {unknown}
 z - a potion of agility {unknown}
 A - a potion of ambrosia {unknown}
Comestibles
 e - 6 rations {!d}


   Skills:
 * Level 4.6 Fighting
 * Level 1.1 Polearms
 * Level 6.9 Crossbows
 * Level 1.2 Armour
 - Level 3.0 Dodging
 - Level 3.0 Spellcasting
 * Level 4.9 Translocations


You had 7 spell levels left.
You knew the following spells:

 Your Spells              Type           Power        Failure   Level  Hunger
a - Blink Other           Tloc           ###...       2%          1    None
b - Blink                 Tloc           N/A          4%          2    #......
c - Portal Projectile     Tloc           ###...       8%          3    ####...

Your spell library contained the following spells:

 Spells                   Type           Power        Failure   Level  Hunger
 Apportation              Tloc           ###...       2%          1    None
 Teleport Other           Tloc           ###.....     8%          3    ####...
 Corona                   Hex            #......      21%         1    None
 Ensorcelled Hibernation  Hex/Ice        #.....       30%         2    #......
 Confuse                  Hex            #.......     52%         3    ####...
 Dazzling Orbs            Conj/Hex       #......      52%         3    ####...
 Tukima's Dance           Hex            #.......     52%         3    ####...
 Passage of Golubria      Tloc           N/A          58%         5    ######.


Dungeon Overview and Level Annotations

Branches:
Dungeon (6/12)
 Temple: D:4-7

Altars:
Wu Jian
Xom
Zin

Shops:
D:6 %

Annotations:
D:3 2 transporters, zzzzzzzz's ghost, amateur DsAc


Innate Abilities, Weirdness & Mutations

You have a pair of small antennae on your head.
You regenerate a little health from kills.


Message History

Casting: Blink (safe; 4% risk of failure)
Confirm with . or Enter, or press ? or * to list all spells.
You miscast Blink.
You are very lightly contaminated with residual magic.
Nothing appears to happen.
The orc wizard hits you but does no damage.
The orc wizard casts a spell.
The orc wizard blinks!
Something hits you but does no damage.
Casting: Blink (safe; 4% risk of failure)
Confirm with . or Enter, or press ? or * to list all spells.
You blink.
The orc wizard points at you and mumbles some strange words.
The magic dart hits you!
* * * LOW HITPOINT WARNING * * *
Casting: Blink (safe; 4% risk of failure)
Confirm with . or Enter, or press ? or * to list all spells.
You blink.
The orc wizard points at you and mumbles some strange words.
The magic dart hits you!
You die...

#..#)##'######...# #.#
........#(.#.....# #.#
####..)÷'..#P.)..# #####.#
#..#+##.######.#.## #.....# ').#
#..)...#.#..#####.###.# ####
#).#...#.#..##....# #.###
#(.#####.#####.#..o.....# #...#
#..#...#).#.[#.#..#.....# ###.#
#..#[..#..').#.#@..§...####...###
##'#...#.#####.##..#.#.#).'.....#
(..###'#.'..#..##......#..###.###
#.....)).#.....#.......#### #.#
#'##.[#######..#....##.#### ###
#..#'##..#..#......>......##
#..#)('..'..#..).##........#
####((####..#.)...a........#
...####..####...###......).#


You could see an orc wizard.

Vanquished Creatures
  A hippogriff (D:4)
  A hungry ghost (D:3)
  An ice beast (D:5)
  A sky beast (D:4)
  2 ogres (D:5)
  A water moccasin zombie (D:5)
  A scorpion (D:3)
  A jelly (D:5)
  A bullfrog zombie (D:4)
  4 hounds
  An orc priest (D:5)
  An orc wizard (D:4)
  A centaur skeleton (D:5)
  An iguana (D:5)
  2 worker ants (D:5)
  A hound skeleton (D:5)
  11 gnolls
  10 adders
  An ooze (D:3)
  3 worms (D:2)
  2 dart slugs
  3 leopard geckos (D:1)
  12 orcs
  A ball python (D:2)
  5 giant cockroaches
  11 goblins
  18 hobgoblins
  5 jackals
  14 kobolds
  6 quokkas
  8 bats
  8 frilled lizards
  A jackal zombie (D:5)
  5 rats
145 creatures vanquished.

Notes
Turn   | Place    | Note
-------+----------+-------------------------------------------
     0 | D:1      | BeastOfSaturn the Demonspawn Warper began the quest for the
                  | Orb.
     0 | D:1      | Reached XP level 1. HP: 16/16 MP: 3/3
   184 | D:1      | Reached skill level 2 in Crossbows
   184 | D:1      | Gained mutation: You regenerate a little health from kills.
                  | [demonic ancestry]
   184 | D:1      | Reached XP level 2. HP: 22/22 MP: 5/5
   330 | D:1      | Learned a level 2 spell: Blink
   519 | D:1      | Gained mutation: You have a pair of small antennae on your
                  | head. [demonic ancestry]
   519 | D:1      | Reached XP level 3. HP: 27/27 MP: 6/6
   524 | D:1      | Learned a level 3 spell: Portal Projectile
  1010 | D:2      | Reached skill level 3 in Crossbows
  1051 | D:2      | Reached XP level 4. HP: 33/33 MP: 7/7
  1302 | D:3      | Found a glowing silver altar of Zin.
  1356 | D:3      | Noticed a hungry ghost
  1515 | D:3      | Reached skill level 4 in Crossbows
  1515 | D:3      | Reached XP level 5. HP: 38/38 MP: 8/8
  1524 | D:3      | Found a transporter.
  1524 | D:3      | Noticed an ogre
  1525 | D:3      | Noticed zzzzzzzz's ghost (amateur DsAc)
  1527 | D:3      | Found a transporter.
  1705 | D:3      | Killed a hungry ghost
  1705 | D:3      | Reached skill level 5 in Crossbows
  1705 | D:3      | Reached XP level 6. HP: 34/44 MP: 9/9
  2130 | D:3      | Found an ornate altar of the Wu Jian Council.
  2490 | D:4      | Found a shimmering altar of Xom.
  2741 | D:4      | Noticed a hippogriff
  2806 | D:4      | Killed a hippogriff
  2806 | D:4      | Reached XP level 7. HP: 25/52 MP: 0/10
  3044 | D:4      | Reached skill level 6 in Crossbows
  3241 | D:5      | Entered Level 5 of the Dungeon
  3477 | D:5      | Upgraded the game from bcrawl-1.27.6 to bcrawl-1.27.7
  3802 | D:5      | Reached XP level 8. HP: 24/60 MP: 12/12
  4206 | D:5      | Noticed a gargoyle
  4451 | D:5      | Got an encrusted spear
  4455 | D:5      | Identified the cursed +1 spear "Bigoodd" {flame, rPois}
                  | (You found it on level 5 of the Dungeon)
  4604 | D:6      | Found Geupt's Food Shoppe.
  4645 | D:5      | HP: 3/60 [ice beast (8)]
  4845 | D:5      | Reached skill level 1 in Armour
  5107 | D:5      | Reached skill level 1 in Polearms
  5187 | D:5      | HP: 2/61 [orc wizard/magic dart (8)]
  5188 | D:5      | Killed from afar by an orc wizard

Skill      XL: |  1  2  3  4  5  6  7  8 |
---------------+-------------------------+-----
Translocations | 3 4 |  4.9
Crossbows      | 2 3 4 5 6 |  6.9
Dodging        | 2 3 |  3.0
Fighting       | 3 4 |  4.6
Spellcasting   | 3 |  3.0
Armour         | 1 |  1.2
Polearms       | 1 |  1.1

Action                   |  1- 3 |  4- 6 |  7- 9 || total
-------------------------+-------+-------+-------++-------
Melee: Whip              |       |    60 |   123 ||   183
       Spear             |       |       |    94 ||    94
 Fire: Hand crossbow     |   126 |   129 |    21 ||   276
 Cast: Blink             |       |    15 |    12 ||    27
       Blink Other       |       |       |    12 ||    12
  Use: Scroll            |       |     7 |     1 ||     8
       Potion            |       |     1 |     2 ||     3
  Eat: Chunk             |     5 |     6 |     9 ||    20
       Ration            |       |     3 |     2 ||     5
Armor: Robe              |    10 |    10 |    33 ||    53
Dodge: Dodged            |    58 |    56 |   143 ||   257
